[Event "44th Chess Olympiad Women 2022"]
[Site "Chennai"]
[Date "2022.07.30"]
[Round "2.10"]
[White "De Rycke, Tyani"]
[Black "Balabayeva, Xeniya"]
[Result "1/2-1/2"]
[ECO "B26"]
[WhiteElo "1994"]
[BlackElo "2198"]
[Annotator "TA"]
[PlyCount "86"]
[EventDate "2022.07.29"]
[EventType "team-tourn"]
[EventCountry "IND"]
[SourceTitle "playchess.com"]
[Source "ChessBase"]
[SourceQuality "1"]
[WhiteTeam "Belgium"]
[BlackTeam "Kazakhstan"]
[WhiteTeamCountry "BEL"]
[BlackTeamCountry "KAZ"]
[TimeControl "40/5400+30:1800+30"]

1. e4 c5 2. Nc3 Nc6 3. g3 g6 4. Bg2 Bg7 5. d3 d6 6. Be3 Rb8 7. Qd2 b5 8. Nge2 b4 $1 {[%emt 0:00:54] 8...b4 is better than 8...Nd4.} 9. Nd1 Nd4 10. O-O h5 {[%emt 0:01:35] B26: Closed Sicilian: 3 g3, lines with early Be3.} 11. h3 e6 12. f4 Ne7 13. c3 bxc3 14. bxc3 Nxe2+ 15. Qxe2 {[%emt 0:00:07] [#]} Qa5 $146 ({Predecessor:} 15... Ba6 16. Rc1 Qa5 17. Kh2 Qb5 18. Nf2 Qb2 19. Rc2 Qa3 20. Qd2 f5 21. Re1 O-O {0-1 (42) Masternak,G (2330)-Blanco Acevedo,C (2304) Warsaw 2021}) 16. Rc1 O-O 17. g4 hxg4 18. hxg4 f5 19. exf5 gxf5 20. g5 Bb7 (20... Kf7 $142) 21. Bxb7 (21. Bf2 $5 e5 22. Bxb7 Rxb7 23. Bg3 $11) 21... Rxb7 22. Bf2 e5 23. Bg3 Ng6 24. Ne3 {[%emt 0:07:56] [#] Hoping for Qh5.} Qa4 25. Nd5 (25. Qf3 $14 Qd7 26. Rf2) 25... Qe8 26. Rce1 Qe6 27. Qg2 {[%emt 0:00:42][%cal Od5f6] And now Nf6+! would win.} Rbf7 {[%emt 0:02:26] Prevents Nf6+.} 28. Re2 c4 29. dxc4 (29. d4 $1 $14) 29... e4 (29... Rc8 $1 $11) 30. Qh3 {[%emt 0:00:44] White is more active.} (30. Rc2 $16) 30... Rc8 $1 $11 31. Rh2 Rxc4 32. Qh7+ (32. Rd1 $11) 32... Kf8 $17 {[%emt 0:00:09] Threatens to win with ...Bd4+.} 33. Ne3 $2 (33. Nf6 $2 Bxf6 34. Qh3 Bxc3 $19) (33. Rb1 $17 {was called for.} Rc8 34. Rd1) 33... Rxc3 34. Bf2 (34. Rb1 Bd4 35. Rb8+ Ke7 36. Rb7+ Ke8 37. Qg8+ Nf8 38. Rb8+ Rc8 39. Rb3 Rc1+ 40. Kg2 Bxe3 41. Rxe3) 34... d5 $2 (34... Nxf4 $2 35. Rb1 Rc8 36. Rf1 $19) (34... Bd4 35. Qh6+ Bg7) 35. Rb1 $19 {[%emt 0:00:40] aiming for Rb8+.} (35. Nxd5 $2 e3 36. Nxc3 exf2+ 37. Rhxf2 (37. Rfxf2 $2 Bxc3 38. Qh6+ Bg7 $19) 37... Bxc3 38. Qh6+ Bg7 $19) 35... Rc8 {[%emt 0:00:29] Prevents Rb8.} (35... Nxf4 36. Rb8+ Ke7 37. Rb7+ Kf8 38. Rb8+ Ke7 39. Rb7+ Kf8 40. Rb8+ $11) 36. Nxd5 {[%emt 0:00:33][%cal Od5f6] [#]} Qxd5 (36... e3 $1 $17 37. Nxe3 (37. Bxe3 $2 Ne7 $19) 37... Nxf4) 37. Qxg6 $11 Re8 (37... Rb7 $11 38. Re1 (38. Rxb7 Qd1+) 38... Rc3) 38. Rh3 ({Better is} 38. Be3 $14) 38... Rfe7 39. Re1 Bd4 (39... e3 $11 {remains equal.} 40. Rhxe3 (40. Rexe3 Rxe3 41. Rxe3 Rxe3 $11) (40. Bxe3 Re6 $11) 40... Rxe3 41. Bxe3 (41. Rxe3 Rxe3 42. Bxe3 Bd4 $11) 41... Bd4 42. Qh6+ Kf7 43. g6+ Kg8 44. Bxd4 (44. Qh7+ Kf8 $11) 44... Qxd4+ 45. Kg2 (45. Kf1 Qc4+ 46. Kg2 Qc2+ 47. Kh3 Qc3+ 48. Kh2 Qb2+ 49. Kh3 Qc3+ 50. Kg2 Qd2+ 51. Kh3 Qc3+ $11) 45... Qd2+ 46. Kh3 Qc3+ 47. Kg2 Qd2+ 48. Kh3 Qc3+ 49. Kg2 Qd2+) 40. Qh6+ (40. Bxd4 $16 {White wants to mate with Rh8+.} Qxd4+ 41. Kh1) 40... Bg7 41. Qg6 Bd4 (41... e3 $11 {keeps the balance.} 42. Rhxe3 (42. Rexe3 Rxe3 43. Rxe3 Rxe3 $11) (42. Bxe3 Re6 $11) 42... Rxe3 43. Bxe3 (43. Rxe3 Rxe3 44. Bxe3 Bd4 $11) 43... Bd4 44. Qh6+ Kg8 45. Qg6+ Kf8 46. Qh6+ Kg8 47. Qg6+ Kf8) 42. Qh6+ ({White should play} 42. Bxd4 $16 {Threatening mate with Rh8+.} Qxd4+ 43. Kh1) 42... Bg7 43. Qg6 (43. Qa6 $11) 43... Bd4 {[%emt 0:00:00] Weighted Error Value: White=0.39/Black=0.38} 1/2-1/2

[Event "44th Chess Olympiad Women 2022"]
[Site "Chennai"]
[Date "2022.07.30"]
[Round "2.11"]
[White "Berzina, Ilze"]
[Black "Padmini, Rout"]
[Result "1/2-1/2"]
[ECO "B40"]
[WhiteElo "2141"]
[BlackElo "2374"]
[Annotator "TA"]
[PlyCount "66"]
[EventDate "2022.07.29"]
[EventType "team-tourn"]
[EventCountry "IND"]
[SourceTitle "playchess.com"]
[Source "ChessBase"]
[SourceQuality "1"]
[WhiteTeam "Latvia"]
[BlackTeam "India"]
[WhiteTeamCountry "LAT"]
[BlackTeamCountry "IND"]
[TimeControl "40/5400+30:1800+30"]

1. e4 c5 2. Nf3 e6 3. c4 Nc6 4. Nc3 Nd4 5. d3 Ne7 6. g3 {[%emt 0:06:03] B40: Sicilian: 2...e6, Unusual lines.} Nec6 7. Bg2 Be7 8. O-O {[%emt 0:00:45] The position is equal.} O-O 9. Nxd4 cxd4 10. Ne2 Rb8 11. f4 b5 12. b3 {[%emt 0:02:30] [#]} bxc4 $146 ({Predecessor:} 12... a5 13. g4 bxc4 14. bxc4 e5 15. Ng3 g6 16. g5 exf4 17. Bxf4 d6 18. Qd2 Ne5 {0-1 (39) Musialkiewicz,J (2244)-Simantsev,M (2445) Pokrzywna 2018}) 13. bxc4 f5 (13... d6 $15) 14. exf5 $11 exf5 15. g4 (15. Bd2 $14) 15... fxg4 16. Ng3 Bf6 17. Qxg4 Ne7 18. f5 Bb7 19. Rf2 {[%emt 0:16:19] Hoping for Nh5.} Nc6 20. Nh5 Ne5 21. Qg3 Kh8 $1 22. Bf4 Qe8 23. Bxe5 Bxe5 24. f6 Rf7 ({Don't take} 24... g6 25. Qg5 Bxg2 26. Kxg2 $16) ({Black should try} 24... Rg8 $1 $11 25. fxg7+ Bxg7 26. Nxg7 Rxg7) 25. fxg7+ $14 Rxg7 {[%emt 0:10:40] [#]} 26. Rf8+ $1 $40 {[%emt 0:05:26][%mdl 128] Black needs to defend precisely.} Qxf8 27. Qxe5 {[%emt 0:00:05][%mdl 64] Pin} d6 28. Qxd4 {[%emt 0:01:21][%mdl 64] Pin. The board is on fire.} Bxg2 29. Nxg7 Qxg7 30. Qxg7+ {[%emt 0:00:11][%mdl 64] [#] Remove Defender} Kxg7 31. Kxg2 $11 {[%emt 0:00:05] KR-KR} Rb2+ 32. Kf3 {[%emt 0:01:52] Strongly threatening Ke4.} Rxh2 33. Ke4 {[%emt 0:00:25] Threatening Kd5.} Rh5 {[%emt 0:02:16] Weighted Error Value: White=0.13 (very precise) /Black=0.13 (very precise)} 1/2-1/2

[Event "44th Chess Olympiad Women 2022"]
[Site "Chennai"]
[Date "2022.07.30"]
[Round "2.12"]
[White "Lazarne Vajda, Szidonia"]
[Black "O`Gorman, Alice"]
[Result "1/2-1/2"]
[ECO "C42"]
[WhiteElo "2313"]
[BlackElo "2043"]
[Annotator "TA"]
[PlyCount "69"]
[EventDate "2022.07.29"]
[EventType "team-tourn"]
[EventCountry "IND"]
[SourceTitle "playchess.com"]
[Source "ChessBase"]
[SourceQuality "1"]
[WhiteTeam "Hungary"]
[BlackTeam "Ireland"]
[WhiteTeamCountry "HUN"]
[BlackTeamCountry "IRL"]
[TimeControl "40/5400+30:1800+30"]

1. e4 e5 2. Nf3 Nf6 3. Nxe5 d6 4. Nf3 Nxe4 5. Nc3 Nxc3 6. dxc3 Be7 7. Be3 O-O 8. Qd2 {[%emt 0:01:10] C42: Petroff Defence: 3 Nxe5 and unusual White 3rd moves.} Be6 9. O-O-O c5 10. a3 {[%emt 0:03:50] White is slightly better.} Nc6 {[%emt 0:03:20] [#]} 11. Bf4 $146 ({Predecessor:} 11. h4 a6 12. Ng5 b5 13. Nxe6 fxe6 14. g3 Qa5 15. Bh3 Rab8 16. Bxe6+ Kh8 17. h5 {1-0 (23) Abdulla Mohammed,A (1185)-Shaker,M (1734) Kuwait 2019}) 11... b5 (11... d5 $11 {keeps the balance.}) 12. Bxd6 $16 (12. Bxb5 Qb6 13. c4 h6 $14) 12... Bxd6 13. Qxd6 ({Wrong is} 13. Bxb5 $2 Qb8 $1 14. Qe2 (14. Bxc6 $2 Bf4 $19) 14... Bf4+ 15. Kb1 Re8 $1 $19) 13... Qb6 14. Bd3 {[%emt 0:08:50] Black must now prevent Ng5.} Rfd8 15. Qf4 {[%emt 0:01:51] Threatens to win with Ng5.} b4 16. Ng5 ({White should play} 16. axb4 $16 {Hoping for Ng5.} cxb4 17. Ng5) 16... bxc3 $14 17. Bxh7+ (17. bxc3 $5 Qa5 18. Bxh7+ Kh8 19. Rxd8+ Rxd8 20. Bd3 Qxc3 21. Qe4 $14) 17... Kh8 18. bxc3 Qa5 $1 (18... Rab8 $2 19. Rxd8+ Nxd8 20. Re1 $18 (20. Kd2 f6 $18)) 19. Rxd8+ Rxd8 20. Bd3 Qxc3 (20... Qxa3+ $2 21. Kd2 c4 22. Qe4 $18) 21. Qe4 {[%emt 0:01:41][%csl Gd3,Gg5][%cal Re4h7] Dancing on a razor blade.} Qxa3+ {[%emt 0:06:24] [#]} (21... g6 $1 $11 22. Nxe6 (22. Qh4+ Kg8 $11) 22... fxe6) 22. Kd1 $1 $16 g6 23. Nxe6 $18 fxe6 {[%emt 0:00:54] [#]} 24. Qxg6 $2 (24. Re1 $1 $18 Qa1+ 25. Kd2 (25. Ke2 Qe5 $16) 25... Qa5+ 26. Ke2) 24... Rxd3+ $1 $11 {[%emt 0:01:24] The position is equal.} 25. Qxd3 $18 {[%emt 0:02:29][%mdl 4096] Endgame KQR-KQN} Qa1+ 26. Kd2 Qxh1 27. Qh3+ Kg7 28. Qg3+ Kh8 29. Qh3+ Kg7 30. Qg3+ Kh8 31. Qh4+ Kg7 32. Qg4+ Kh8 33. Qh4+ Kg7 34. Qg4+ Kh8 35. Qh4+ {[%emt 0:00:33] Weighted Error Value: White=0.18 (very precise) /Black=0.20 (precise)} 1/2-1/2

[Event "44th Chess Olympiad Women 2022"]
[Site "Chennai"]
[Date "2022.07.30"]
[Round "2.12"]
[White "Kanyamarala, Trisha"]
[Black "Hoang, Thanh Trang"]
[Result "1/2-1/2"]
[ECO "A81"]
[WhiteElo "2270"]
[BlackElo "2376"]
[Annotator "TA"]
[PlyCount "72"]
[EventDate "2022.07.29"]
[EventType "team-tourn"]
[EventCountry "IND"]
[SourceTitle "playchess.com"]
[Source "ChessBase"]
[SourceQuality "1"]
[WhiteTeam "Ireland"]
[BlackTeam "Hungary"]
[WhiteTeamCountry "IRL"]
[BlackTeamCountry "HUN"]
[TimeControl "40/5400+30:1800+30"]

1. d4 f5 2. g3 Nf6 3. Bg2 g6 4. Nd2 Nc6 5. d5 Ne5 6. e4 {[%emt 0:03:59] A81: Dutch Defence: 2 g3.} fxe4 7. Nxe4 Nxe4 8. Bxe4 {[%emt 0:00:09] White is slightly better.} Bg7 9. f4 Nf7 10. f5 (10. c3 $11) 10... gxf5 $15 11. Bxf5 c6 $1 12. Be4 Qa5+ $1 {[%emt 0:10:31] [#]} 13. c3 $146 {[%emt 0:09:17] [#]} (13. Bd2 $15 Qb6 14. Qh5) ({Predecessor:} 13. Bd2 Qc5 14. dxc6 bxc6 15. c3 Nd6 16. Bd3 Rb8 17. Qg4 Qe5+ 18. Ne2 Rxb2 19. Bf4 {0-1 (60) Siebrecht,S (2360)-Danner,G (2440) Budapest 1994}) 13... Bxc3+ $1 $17 14. bxc3 (14. Kf1 $17 Nd6 15. Qh5+ Kd8 16. Bf3) (14. Bd2 Bb4) 14... Qxc3+ $19 15. Qd2 Qe5 (15... Qxa1 $19 16. Nf3 Nd6) 16. Qe3 Qxa1 17. Nf3 Qxa2 18. O-O cxd5 19. Bd3 {[%emt 0:04:48] Black must now prevent Re1. A strong pair of Bishops.} d6 $1 {[%emt 0:04:17] aiming for ...Bd7.} 20. Re1 e5 (20... O-O $19 {and Black stays clearly on top.} 21. Bd2 Bh3) 21. Ng5 (21. Nxe5 $17 {was called for.} dxe5 22. Qc5) 21... Rf8 (21... d4 $1 $19 22. Qf3 Nxg5 23. Bxg5 Qf7 24. Bb5+ Bd7 25. Qxf7+ Kxf7 26. Bxd7 Rhf8) 22. Nxh7 (22. Rf1 $142) 22... Bh3 $17 23. Re2 {[%emt 0:05:50] [#] Inhibits Qg2+.} (23. Bb5+ $17 Ke7 24. Qf3 Qg2+ 25. Qxg2 Bxg2 26. Kxg2 (26. Nxf8 $2 Be4 $19)) 23... Qa1 $2 24. Nxf8 $11 {[%emt 0:01:43] The position is equal.} d4 25. Qd2 Kxf8 26. Rf2 {[%emt 0:02:03] White wants to mate with Qh6+.} Rc8 27. Qh6+ Ke8 28. Bb5+ Kd8 29. Qh4+ (29. Qxh3 Rxc1+ 30. Bf1 {[#]} d3 $1 $17) 29... Kc7 30. Rxf7+ Kb6 31. Qxh3 {[%emt 0:00:49] Really sharp!} Qxc1+ 32. Bf1 $1 {[%emt 0:01:15] Hoping for Qh7.} ({But not} 32. Rf1 Qe3+ 33. Kh1 Qe4+ 34. Kg1 Qe3+ 35. Kh1 Qe4+ 36. Kg1 Rc2 $17) 32... Qe3+ 33. Kh1 $1 Qe4+ (33... Rc1 $2 34. Qg2 Rxf1+ 35. Rxf1 $18) 34. Kg1 $1 ({Of course not} 34. Qg2 Qxg2+ 35. Kxg2 e4 $17) 34... Qe3+ 35. Kh1 $1 Qe4+ (35... Rc1 $2 36. Qg2 Rxf1+ 37. Rxf1 $18) 36. Kg1 $1 ({Much weaker is} 36. Qg2 Qxg2+ 37. Kxg2 e4 $17) 36... Qe3+ {[%emt 0:01:09] Black had all chances to win.  Weighted Error Value: White=0.23 (precise) /Black=0.17 (very precise)} 1/2-1/2

[Event "44th Chess Olympiad Women 2022"]
[Site "Chennai"]
[Date "2022.07.30"]
[Round "2.13"]
[White "Calzetta Ruiz, Monica"]
[Black "Azhar, Puteri Rifqah Fahada"]
[Result "1-0"]
[ECO "C64"]
[WhiteElo "2230"]
[BlackElo "1940"]
[Annotator "TA"]
[PlyCount "99"]
[EventDate "2022.07.29"]
[EventType "team-tourn"]
[EventCountry "IND"]
[SourceTitle "playchess.com"]
[Source "ChessBase"]
[SourceQuality "1"]
[WhiteTeam "Spain"]
[BlackTeam "Malaysia"]
[WhiteTeamCountry "ESP"]
[BlackTeamCountry "MAS"]
[TimeControl "40/5400+30:1800+30"]

1. e4 e5 2. Nf3 Nc6 3. Bb5 Bc5 4. O-O Nge7 5. c3 a6 6. Ba4 b5 7. Bb3 {[%emt 0:08:09] Hoping for d4.} Ng6 {[%emt 0:03:45] C64: Ruy Lopez: Classical Defence (3...Bc5) except 4 0-0 Nf6.} (7... O-O $14) 8. d4 $16 exd4 9. cxd4 Be7 {[%emt 0:00:22] White is better.} 10. Nc3 Na5 11. Bc2 {[%emt 0:01:41] [#] White is more active.} Bb7 $146 ({Predecessor:} 11... O-O 12. Nd5 d6 13. b3 Bg4 14. h3 Bd7 15. Bd2 Nc6 16. Rc1 Rc8 17. Bd3 h6 {1-0 (50) Foudzi,S (2019)-Mezioud,A Bled 2002}) 12. Ne2 O-O 13. Ng3 d5 14. e5 c5 15. h4 Re8 16. h5 Nf8 17. Nf5 {[%emt 0:02:16] And now Qd2 would win.} Ne6 $2 (17... Bc8 $16 {was necessary.}) 18. Nxe7+ $2 (18. Qd3 $18 {[%cal Of5h6] White threatens Nh6+! and mate.} Nf8 19. h6) 18... Qxe7 $14 19. dxc5 Qxc5 20. Qd3 Nf8 21. b4 $36 {[%emt 0:00:08][%mdl 2048] White is in control.} Qxb4 22. Bd2 {[%emt 0:00:08][%mdl 64] [#] Skewer} Qg4 (22... Qc5 $16) 23. Bxa5 $18 d4 24. Rfe1 Rac8 {[%emt 0:02:42][%cal Oc8c2] Strongly threatening ...Rxc2!} 25. Rac1 (25. Qxd4 Bxf3 26. Qxg4 Bxg4 $11) 25... Qxh5 (25... Rc4 $142) 26. Qf5 (26. Qxd4 Bxf3 27. Qd3 (27. gxf3 $2 Rxc2 28. Rxc2 Qg6+ 29. Qg4 Qxc2 $19) 27... Bb7 $15) 26... Qxf5 27. Bxf5 {[%emt 0:00:03][%mdl 64] Discovered Attack. This bishop pair is nice.} Rxc1 28. Rxc1 g6 29. Bd3 (29. Nxd4 gxf5 30. Nxf5 Bd5 $16) 29... Bxf3 30. gxf3 Rxe5 31. Rc8 Kg7 32. Ra8 Nd7 33. Rd8 ({And not} 33. Rxa6 Nc5 34. Rd6 (34. f4 $2 Rd5 $19) 34... Nxd3 35. Rxd4 Ne1 $17) 33... Nc5 34. Rxd4 Ne6 $2 (34... Nxd3 35. Rxd3 Re6 36. Bc3+ Kf8) 35. Rd6 {[%emt 0:00:28] Black must now prevent Bc3.} Rc5 {[%emt 0:00:41] Against Bc3+} 36. Rxa6 Rc1+ 37. Kh2 (37. Bf1 $142) 37... Nc5 {[%emt 0:00:13] [#]} 38. Bxb5 ({Not} 38. Rd6 Rd1 $11) ({White has to play} 38. Bd2 $1 $18 Nxd3 39. Rd6 (39. Bxc1 Nxc1 40. a3 Nb3 $18)) 38... Nxa6 $11 39. Bxa6 Rc2 40. a4 Rxf2+ 41. Kg3 Ra2 42. Bb5 {[%emt 0:00:00] Bb6 is the strong threat.} g5 $2 (42... f6 $14) 43. Bb6 $18 {[%emt 0:00:00] Threatens to win with a5.} h5 44. a5 f5 45. a6 h4+ 46. Kh3 {[%emt 0:00:00] a7 would kill now.} Kh6 47. a7 {[%emt 0:00:00] White mates.} Kh5 48. Be8+ Kh6 49. Bc5 Kg7 50. Bc6 {[%emt 0:00:00] Weighted Error Value: White=0.35/Black=0.50} (50. f4 $142 gxf4 51. Bc6 Kh6 52. a8=Q Rxa8 53. Bxa8 Kh5 54. Be7 Kg6 55. Bxh4) 1-0

[Event "44th Chess Olympiad Women 2022"]
[Site "Chennai"]
[Date "2022.07.30"]
[Round "2.13"]
[White "Chong, Kai Ni Agnes"]
[Black "Eizaguerri Floris, Maria"]
[Result "0-1"]
[ECO "D10"]
[WhiteElo "1909"]
[BlackElo "2176"]
[Annotator "TA"]
[PlyCount "126"]
[EventDate "2022.07.29"]
[EventType "team-tourn"]
[EventCountry "IND"]
[SourceTitle "playchess.com"]
[Source "ChessBase"]
[SourceQuality "1"]
[WhiteTeam "Malaysia"]
[BlackTeam "Spain"]
[WhiteTeamCountry "MAS"]
[BlackTeamCountry "ESP"]
[TimeControl "40/5400+30:1800+30"]

1. d4 d5 2. c4 c6 3. cxd5 cxd5 4. Nc3 Nf6 5. Bf4 Nc6 6. e3 Bf5 7. Qb3 Na5 $1 8. Qa4+ {[%emt 0:00:19] D10: Slav Defence: 3 cxd5 (without early Nf3) and 3 Nc3.} Bd7 9. Qc2 {[%emt 0:00:19] Black should prevent Nb5.} Rc8 10. Bd3 {[%emt 0:01:32] The position is equal.} e6 11. Nf3 Bb4 $1 {[%emt 0:06:54][%cal Of6e4][%mdl 4] is now more promising than 11...Be7.} 12. O-O h6 13. h3 O-O 14. Ne5 a6 15. Rac1 Bxc3 16. bxc3 Qe7 17. Qe2 b5 {[%emt 0:02:28] [#]} 18. Bb1 $146 ({Predecessor:} 18. f3 Nc4 19. e4 Nxe5 20. dxe5 dxe4 21. Bb1 Nd5 22. Qxe4 f5 23. exf6 Nxf6 24. Qe2 {½-½ (36) Akobian,V (2616)-Khachiyan,M (2518) Saint Louis 2013}) 18... Nc4 19. Qd3 Na3 20. f3 Nxb1 (20... Bc6 {seems wilder.} 21. Rfe1 Rfe8 22. Bg3 Nxb1 23. Qxb1 Nd7) 21. Qxb1 a5 22. Nd3 Ne8 23. e4 dxe4 24. fxe4 Nd6 25. Nc5 Nc4 {[%emt 0:00:54] Black wants to play ...Rxc5.} 26. Qd3 e5 27. Bg3 Bc6 {[%emt 0:00:52] next ...Rfd8 is good for Black.} 28. Qe2 Rfe8 29. Rce1 Rcd8 30. Qf2 f6 31. Bh4 Rf8 32. a4 Kh8 33. d5 Bd7 34. axb5 Bxb5 35. Ne6 {[%emt 0:02:49] [#]} Nd6 $1 36. Qf3 (36. Nxd8 $15 Qxd8 37. Qc5 $1) (36. Nxf8 Rxf8) 36... Bxf1 $17 37. Rxf1 Rc8 38. Nxf8 Rxf8 ({Black should play} 38... Qxf8 $17 39. Ra1 Qd8) 39. Ra1 Ra8 40. Qd3 Qc7 {[%emt 0:00:30] Against c4} 41. Ra4 Qb6+ $1 42. Bf2 {[%emt 0:00:00] [#]} Qb3 43. Ra1 Rc8 44. Be1 Qb6+ 45. Kh2 {[%emt 0:04:24] [#]} Rc4 {[%emt 0:01:43] Against Ra4. Black is more active.} 46. Bd2 (46. Rb1 $17 Qa7 47. Qf1) 46... Rxe4 $19 47. Rb1 Qa7 48. Bc1 $2 {[%emt 0:00:00] This move loses the game for White.} (48. c4 $17) 48... Re1 {[%emt 0:03:20] And now ...Qg1+ would win.} 49. Be3 {[%emt 0:00:00] Against Qg1+} Rxe3 50. Rb8+ Qxb8 51. Qxe3 Qc7 52. Qd3 e4 53. Qa6 Nf5+ {[%emt 0:01:44] Black mates.} 54. Kg1 Qc5+ 55. Kh1 Qxc3 56. d6 Qe1+ 57. Kh2 Qg3+ 58. Kh1 Nxd6 59. Qxa5 e3 60. Qd8+ Kh7 61. Qe7 Nf5 62. Qe4 Qf2 63. g4 e2 {[%emt 0:00:13] Weighted Error Value: White=0.63/Black=0.07 (flawless)} 0-1

[Event "44th Chess Olympiad Women 2022"]
[Site "Chennai"]
[Date "2022.07.30"]
[Round "2.14"]
[White "Petrenko, Svetlana"]
[Black "Arribas Robaina, Maritza"]
[Result "0-1"]
[ECO "A13"]
[WhiteElo "2029"]
[BlackElo "2239"]
[Annotator "TA"]
[PlyCount "134"]
[EventDate "2022.07.29"]
[EventType "team-tourn"]
[EventCountry "IND"]
[SourceTitle "playchess.com"]
[Source "ChessBase"]
[SourceQuality "1"]
[WhiteTeam "Moldova"]
[BlackTeam "Cuba"]
[WhiteTeamCountry "MDA"]
[BlackTeamCountry "CUB"]
[TimeControl "40/5400+30:1800+30"]

1. d4 Nf6 2. c4 e6 3. Nf3 d5 4. e3 Be7 5. b3 O-O 6. Be2 c5 7. O-O Nc6 8. Bb2 b6 9. Nbd2 Bb7 10. Ne5 {[%emt 0:01:44] A13: English Opening: 1...e6.} cxd4 11. Nxc6 Bxc6 12. exd4 {[%emt 0:00:31] The position is equal.} Rc8 13. Rc1 dxc4 14. bxc4 Qd6 {[%emt 0:04:16] [#]} 15. Qb3 $146 ({Predecessor:} 15. Bf3 Rfd8 16. Re1 h6 17. Qe2 Bxf3 18. Nxf3 Bf8 19. Ne5 Nd7 20. Qg4 Nxe5 21. Rxe5 {½-½ (53) Salonen,S-Tanni,K (2137) Finland 2003}) 15... Qb4 16. Qxb4 Bxb4 17. Nf3 Rfd8 18. Ne5 Ba4 19. Bd1 Be8 20. Bf3 Ba4 21. Bd1 Be8 22. Bf3 {[%emt 0:00:12] Against Ne4} Ba4 23. Bd1 Bxd1 24. Rfxd1 Bd6 25. Nd3 Kf8 26. g3 Be7 27. Ne5 Ne4 28. f3 Nd6 29. c5 Nf5 30. g4 (30. cxb6 $1 $15 {deserves consideration.} axb6 31. Nc6) 30... Ne3 $17 31. Re1 Nd5 32. cxb6 axb6 33. Nc6 Re8 34. Nxe7 Kxe7 35. Kf2 Ra8 36. a3 Ra5 37. Rc2 Rb5 38. Bc1 Rb3 39. h4 Kd7 40. Ree2 Ra8 41. Kg3 Ra4 42. Re4 Rd3 43. Bb2 Ne3 (43... g6 $19 44. Re5 Ne3) 44. Rc3 ({Better is} 44. Re2 $1 $15 Nd5 45. h5) 44... Rxc3 {[%emt 0:00:00] Black is more active.} 45. Bxc3 {[%emt 0:00:00][%mdl 4096] Endgame KRB-KRN} Nd5 46. Bb2 Rc4 47. Re2 {[%emt 0:00:00] Inhibits Rc2.} Kc6 48. h5 g6 49. hxg6 hxg6 50. f4 Nc3 51. Re1 Kd5 {[%emt 0:01:02] Threatens to win with ...Ne4+.} 52. Re5+ Kxd4 {[%emt 0:00:51] [#] Strongly threatening ...Kd3.} 53. Rb5 (53. Kf3 $1 $15) 53... Ke4 54. Re5+ {[%emt 0:00:04] White does not recover from this.} (54. Rxb6 $17 {was forced.} Ne2+ 55. Kh4) 54... Kd3 $19 55. Bxc3 Rxc3 {[%emt 0:00:34] KR-KR} ({Worse is} 55... Kxc3 56. Rb5 $15) 56. a4 Ra3 57. Rb5 $2 (57. Kf2 Rxa4 58. Kf3) 57... Ke4+ 58. Kh4 Kxf4 {[%emt 0:01:45] [#] ( -> ...g5+)} 59. Rb4+ Ke5 60. Kg5 Kd5 61. Rf4 $2 (61. Kf6 Rf3+ 62. Ke7) 61... f5 $1 62. Kxg6 fxg4 63. Rxg4 e5 64. Rb4 e4 {[%emt 0:00:22] aiming for ...e3.} 65. Rxb6 e3 {[%emt 0:00:45] Black mates.} 66. Kf5 e2 67. Rb5+ Kd4 {[%emt 0:00:12] Weighted Error Value: White=0.24 (precise) /Black=0.13 (very precise)} 0-1

[Event "44th Chess Olympiad Women 2022"]
[Site "Chennai"]
[Date "2022.07.30"]
[Round "2.15"]
[White "Antova, Gabriela"]
[Black "Guillen Cristobal, Sandra N"]
[Result "1-0"]
[ECO "A86"]
[WhiteElo "2275"]
[BlackElo "1962"]
[Annotator "TA"]
[PlyCount "99"]
[EventDate "2022.07.29"]
[EventType "team-tourn"]
[EventCountry "IND"]
[SourceTitle "playchess.com"]
[Source "ChessBase"]
[SourceQuality "1"]
[WhiteTeam "Bulgaria"]
[BlackTeam "Mexico"]
[WhiteTeamCountry "BUL"]
[BlackTeamCountry "MEX"]
[TimeControl "40/5400+30:1800+30"]

1. d4 f5 2. c4 Nf6 3. g3 g6 4. Bg2 Bg7 5. Nh3 O-O 6. O-O d6 7. d5 c6 8. Nc3 e5 9. dxe6 Bxe6 10. Qb3 Qe7 11. Ng5 {[%emt 0:00:39] aiming for Bf4.} Bf7 {[%emt 0:03:45] A86: Dutch Defence: Leningrad System: Unusual lines and 5 Nh3.} 12. Rd1 {[%emt 0:06:20] White is more active.} ({Much weaker is} 12. Nxf7 Rxf7 13. Rd1 Na6 $11) (12. e4 $16) 12... Na6 $11 13. Nxf7 Rxf7 {[%emt 0:03:34] [#] White is slightly better.} 14. Qc2 $146 ({Predecessor:} 14. Bf4 Rd8 15. Qa3 Ne8 16. Bxc6 bxc6 17. Qxa6 Bxc3 18. bxc3 Qxe2 19. Qxc6 Nf6 20. Rxd6 Rxd6 21. Bxd6 Ne4 22. Qe8+ Kg7 23. Be5+ Kh6 24. Rf1 Ng5 25. Bg7+ {1-0 (25) Drozdovskij,Y (2552)-Palatnik,S (2478) Odessa/Istanbul 2006}) 14... Qe6 15. Bf4 Qxc4 16. Bxd6 Re8 17. e3 {[%emt 0:06:50] And now Bf1 would win. White now steadily converts the win.} Nc7 {[%emt 0:16:30] [#]} (17... Qe6 $142) 18. Bf1 $1 $16 {[%emt 0:06:38] This bishop pair is nice.} Qe6 (18... Qg4 $16 19. Qb3 Ne6) 19. Bxc7 $18 Rxc7 {[%emt 0:01:11] [#]} 20. Nb5 $1 Rd7 $2 {[%emt 0:01:01] [#]} (20... Qe7 {might work better.}) (20... Qc8 21. Nd6) 21. Nc7 $1 Qe7 (21... Rxc7 22. Bc4) 22. Rxd7 ({Don't do} 22. Nxe8 Qxe8 23. Rxd7 Qxd7 24. Qb3+ Kf8 25. Qa3+ Kg8 26. Qxa7 h5 $18) 22... Qxd7 23. Nxe8 Nxe8 24. Rd1 Qe7 25. Bc4+ Kf8 26. Qd2 Nf6 $2 (26... Be5 27. f4 Bd6) 27. Qd8+ Qxd8 28. Rxd8+ {[%emt 0:00:02][%mdl 4096] Endgame KRB-KBN} Ke7 29. Rb8 b5 30. Rb7+ Nd7 31. Bg8 Bxb2 32. Bxh7 a5 33. Bxg6 Kd6 34. Bxf5 Nc5 35. Ra7 a4 36. h4 b4 37. h5 b3 38. axb3 axb3 39. h6 Bc3 40. h7 Ne6 41. Ra8 {[%emt 0:30:16] Intending Bxe6 and mate.} Ng5 42. h8=Q Bxh8 43. Rxh8 {[%emt 0:00:09] f4 would kill now.} c5 44. Rb8 (44. f4 $142 Nf7 45. Rh7 c4 46. Rxf7 c3 47. Rd7+ Kc6 48. Rd8 c2 49. Rc8+ Kb7 50. Rc3) 44... c4 45. Kf1 {[%emt 0:00:37] White mates.} Nf3 46. Ke2 Ne5 47. Kd2 Kc5 48. Kc3 Kd5 49. Rb5+ Kd6 50. f4 {[%emt 0:00:00] Weighted Error Value: White=0.08 (flawless) /Black=0.50} 1-0